 Dungeon Crawl Stone Soup version 0.24-a0-537-g2d01d4ab0a (webtiles) character file.

Game seed: 7474417445523923898

44 Execuda the Shooter (level 3, -7/21 HPs)
             Began as a Deep Elf Hunter on Aug 15, 2019.
             Killed from afar by an orc wizard (9 damage)
             ... with a puff of flame
             ... on level 2 of the Dungeon.
             The game lasted 00:03:14 (2161 turns).

Execuda the Shooter (Deep Elf Hunter)               Turns: 2161, Time: 00:03:15

Health: -7/21      AC:  8    Str: 10    XL:     3   Next: 41%
Magic:  5/5        EV:  5    Int: 15    God:
Gold:   41         SH:  0    Dex: 15    Spells: 2/2 levels left

rFire    . . .     SeeInvis .   a - +1 shortbow
rCold    . . .     Gourm    .   (shield currently unavailable)
rNeg     . . .     Faith    .   m - +0 chain mail (curse)
rPois    .         Spirit   .   (no helmet)
rElec    .         Reflect  .   (no cloak)
rCorr    .         Harm     .   (no gloves)
MR       .....                  (no boots)
Stlth    ..........             (no amulet)
HPRegen  0.07/turn              (no ring)
MPRegen  0.09/turn              (no ring)

@: no status effects
A: no striking features
a: no special abilities


You were on level 2 of the Dungeon.
You were not hungry.

You visited 1 branch of the dungeon, and saw 2 of its levels.

You collected 41 gold pieces.

Inventory:

Hand Weapons
 a - a +1 shortbow (weapon)
 b - a +0 short sword
Missiles
 d - 32 arrows (quivered)
Armour
 m - a cursed +0 chain mail (worn)
Scrolls
 e - 2 scrolls of remove curse {unknown}
 h - a scroll of enchant armour {unknown}
 i - 2 scrolls of immolation
 j - a scroll of blinking {unknown}
 n - a scroll of teleportation {unknown}
Potions
 c - a potion of lignification {unknown}
 g - a potion of curing
 l - a potion of agility
 o - a potion of mutation {unknown}
Comestibles
 f - 4 rations


   Skills:
 + Level 2.2 Fighting
 * Level 5.3 Bows
 - Level 2.4 Dodging
 - Level 1.2 Stealth


You had 2 spell levels left.
You didn't know any spells.
Your spell library was empty.

Dungeon Overview and Level Annotations

Branches:
Dungeon (2/15)

Altars:


Message History

Reactivating autopickup.
The orc wizard casts a spell at you. You resist with some effort.
Firing (i - inventory)
d - 33 arrows (quivered)
Press: ? - help, Shift-Dir - straight line, f - orc wizard
Aim: an orc wizard, wielding a +0 dagger and wearing a +0 robe (moderately wounded)
You shoot an arrow. The arrow barely misses the orc wizard.
The orc wizard casts a spell.
The orc wizard flickers and vanishes!
Deactivating autopickup; reactivate with Ctrl-A.
No target in view!
A puff of flame appears from out of thin air!
The puff of flame hits you!
Unknown command.
A puff of flame appears from out of thin air!
The puff of flame hits you.
* * * LOW HITPOINT WARNING * * *
A puff of flame appears from out of thin air!
The puff of flame hits you!
You die...

#.##.######
#.(..#....#
#.####.##.#
#.#.....#.#
#.#.##..#.#
#.#.##..#.#
#.#.##..#.#
#.#.....#.#
#@#####.#.##
####..........#
#.....<###.####
#.###### #.#
#.# #.# #.# #.#
#.# #.# #.#
#รท# #.# #.#


There were no monsters in sight!

Vanquished Creatures
  A dart slug (D:1)
  A leopard gecko (D:1)
  3 orcs (D:2)
  2 giant cockroaches (D:1)
  4 goblins (D:1)
  2 hobgoblins
  4 jackals (D:1)
  A quokka (D:2)
  3 ball pythons
  2 bats (D:1)
  2 frilled lizards
  6 kobolds
  5 rats
36 creatures vanquished.

Notes
Turn   | Place    | Note
-------+----------+-------------------------------------------
     0 | D:1      | Execuda the Deep Elf Hunter began the quest for the Orb.
     0 | D:1      | Reached XP level 1. HP: 12/12 MP: 3/3
   349 | D:1      | Reached XP level 2. HP: 17/17 MP: 4/4
   648 | D:1      | Reached skill level 5 in Bows
  1336 | D:1      | Reached XP level 3. HP: 15/21 MP: 5/5
  2161 | D:2      | Killed from afar by an orc wizard

Levels and vault maps discovered:
D:1:      dpeg_arrival_castle, layout_basic
D:2:      layout_basic

Skill      XL: |  1  2 |
---------------+-------+-----
Fighting       | 2 |  2.2
Bows           | 5 |  5.3
Dodging        | |  2.4
Stealth        | |  1.2

Action                   || total
-------------------------++-------
Melee: Short sword       ||   111
 Fire: Shortbow          ||    33
  Use: Scroll            ||     3
 Stab: Sleeping          ||     1
  Eat: Chunk             ||     4
Armor: Leather armour    ||    19
       Chain mail        ||    27
Dodge: Dodged            ||    83

Table legend:
 A = Non-vault XP
 B = Vault XP
 C = Vault XP percentage of total XP
 D = Non-vault monster count
 E = Vault monster count
 F = Vault count percentage of total count
                 A         B        C        D         E       F
            +---------+---------+-------+---------+---------+-------
      Total |      64 |       0 |   0.0 |      36 |       0 |   0.0
            +---------+---------+-------+---------+---------+-------
        D:1 |      43 |       0 |   0.0 |      24 |       0 |   0.0
        D:2 |      21 |       0 |   0.0 |      12 |       0 |   0.0
            +---------+---------+-------+---------+---------+-------
